 Dungeon Crawl Stone Soup version 0.29-a0-982-gaed3a0c8d8 (webtiles) character file.

Game seed: 7747257921572508119

1756 MisterAzrael the Gusty (level 8, -2/38 (41) HPs)
             Began as a Deep Elf Air Elementalist on Aug 1, 2022.
             Was an Initiate of Sif Muna.
             Slain by a wight
             ... wielding a +2 great sword
              (6 damage)
             ... on level 7 of the Dungeon.
             The game lasted 00:12:42 (6936 turns).

MisterAzrael the Gusty (Deep Elf Air Elementalist)  Turns: 6936, Time: 00:12:43

HP:   -2/38 (41)    AC:  3    Str:  5    XL:     8   Next: 78%
MP:   27/29         EV: 13    Int: 29    God:    Sif Muna [......]
Gold: 365           SH:  0    Dex: 15    Spells: 7/20 levels left

rFire   . . .      SeeInvis .   y - +0 rapier
rCold   . . .      Faith    .   (no shield)
rNeg    . . .      Spirit   .   a - +0 robe
rPois   .          Reflect  .   (no helmet)
rElec   .          Harm     .   n - +0 cloak
rCorr   .          Rampage  .   (no gloves)
Will    .....                   (no boots)
Stlth   +++.......              s - amulet of the acrobat
HPRegen 0.12/turn               l - +6 ring of intelligence
MPRegen 0.21/turn               o - ring of magical power

@: drained
A: no striking features
a: Renounce Religion


You were on level 7 of the Dungeon.
You worshipped Sif Muna.
Sif Muna was noncommittal.
You visited 2 branches of the dungeon, and saw 8 of its levels.

You collected 365 gold pieces.

Inventory:

Hand Weapons
 w - a +2 antimagic dagger
 y - a +0 rapier (weapon)
Missiles
 h - a throwing net
Armour
 a - a +0 robe (worn)
 n - a +0 cloak (worn)
Jewellery
 l - a +6 ring of intelligence (left hand)
 o - a ring of magical power (right hand)
 s - an amulet of the acrobat (around neck)
Wands
 m - a wand of digging (5)
 p - a wand of polymorph (12)
Scrolls
 c - a scroll of magic mapping
 i - a scroll of blinking {unknown}
 q - a scroll of identify
 u - 2 scrolls of teleportation
 x - a scroll of immolation {unknown}
 z - 3 scrolls of fear {unknown}
Potions
 b - 3 potions of magic
 d - 3 potions of haste
 e - a potion of resistance {unknown}
 f - 4 potions of heal wounds
 g - 5 potions of curing
 j - 2 potions of flight
 k - 2 potions of mutation {unknown}
 r - a potion of lignification {unknown}
 t - a potion of degeneration {unknown}
 v - a potion of brilliance {unknown}


   Skills:
 - Level 4.0 Dodging
 - Level 4.1 Stealth
 - Level 6.8 Spellcasting
 - Level 3.7 Conjurations
 * Level 6.2 Transmutations
 * Level 7.4 Air Magic


You had 7 spell levels left.
You knew the following spells:

 Your Spells              Type           Power      Damage    Failure   Level
a - Shock                 Conj/Air       100%       1d9       1%          1
b - Static Discharge      Conj/Air       42%        3-9/arc   1%          2
c - Swiftness             Air            52%        N/A       1%          3
d - Storm Form            Tmut/Air       24%        N/A       95%         7

Your spell library contained the following spells:

 Spells                   Type           Power      Damage    Failure   Level
 Beastly Appendage        Tmut           90%        N/A       1%          1
 Wereblood                Tmut           45%        N/A       1%          2
 Passwall                 Tmut/Erth      22%        N/A       2%          2
 Airstrike                Air            26%        0-9+      2%          4
 Mephitic Cloud           Conj/Pois/Air  31%        N/A       3%          3
 Spider Form              Tmut/Pois      27%        N/A       4%          3
 Sandblast                Erth           18%        2d7       5%          1
 Blink                    Tloc           18%        N/A       8%          2
 Ensorcelled Hibernation  Hex/Ice        18%        N/A       8%          2
 Gell's Gravitas          Tloc           9%         N/A       16%         3
 Lesser Beckoning         Tloc           9%         N/A       16%         3
 Teleport Other           Tloc           9%         N/A       16%         3
 Leda's Liquefaction      Hex/Erth       4%         N/A       45%         4
 Fireball                 Conj/Fire      10%        3d6       56%         5
 Manifold Assault         Tloc           9%         N/A       82%         5
 Starburst                Conj/Fire      10%        6d5       98%         6
 Dispersal                Tloc           4%         N/A       100%        6
 Ignition                 Fire           4%         3d4       100%        8
 Chain Lightning          Conj/Air       21%        3d28      100%        9


Dungeon Overview and Level Annotations

Branches:
Dungeon (7/15)             Temple (1/1) D:5

Altars:
Ashenzari
Cheibriados
Dithmenos
Elyvilon
Fedhas
Gozag
Hepliaklqana
Kikubaaqudgha
Makhleb
Nemelex Xobeh
Okawaru
Qazlal
Ru
Sif Muna
Trog
Uskayaw
Vehumet
Wu Jian
Xom
Yredelemnul
Zin
The Shining One

Shops:
D:3 :

Annotations:
D:4 Sigmund


Message History

Casting: Static Discharge (safe; 1% risk of failure)
Confirm with . or Enter, or press ? or * to list all spells.
The wight is struck by an arc of lightning!
The wight is heavily damaged.
You are struck by an arc of lightning.
The wight is struck by an arc of lightning!
You destroy the wight!
Sif Muna accepts your kill.
The lightning grounds out.
Your Transmutations skill increases to level 6!
Casting: Static Discharge (safe; 1% risk of failure)
Confirm with . or Enter, or press ? or * to list all spells.
The wight is struck by an arc of lightning!
The wight is heavily damaged.
You are struck by an arc of lightning.
The wight is struck by an arc of lightning.
The wight is severely damaged.
The lightning grounds out.
The wight hits you with a +1 flail!
Casting: Static Discharge (safe; 1% risk of failure)
Confirm with . or Enter, or press ? or * to list all spells.
The wight is struck by an arc of lightning!
You destroy the wight!
Sif Muna accepts your kill.
You are struck by an arc of lightning.
You start resting.
Magic restored.
You start resting.
HP restored.
Items here: )) [[.
The wight hits you with a +2 great sword!!
You feel drained.
Casting: Static Discharge (safe; 1% risk of failure)
Confirm with . or Enter, or press ? or * to list all spells.
The wight is struck by an arc of lightning.
The wight is moderately damaged.
You are struck by an arc of lightning.
The lightning grounds out.
The wight hits you with a +2 great sword!
* * * LOW HITPOINT WARNING * * *
You feel drained.
You die...

#...# ...# ....
#..# #..# #..#
#..# #..#####
#@.....# #
......z..###)#.#
..(..#######.#.#
..). ..........#
... #######.###
## #.#####
#.....# #####.#
#.#


You could see a wight.

Vanquished Creatures
  Grinder (D:3)
  Duvessa (D:6)
  3 ice beasts
  A black bear (D:5)
  2 ogres (D:5)
  A bullfrog (D:6)
  2 necrophages
  A scorpion (D:5)
  Dowan (D:6)
  2 wights (D:7)
  A howler monkey (D:4)
  A jelly (D:6)
  3 hounds
  3 iguanas (D:6)
  2 orc wizards
  10 gnolls
  7 adders
  A shadow imp (D:6)
  An ufetubus (D:4)
  A dart slug (D:3)
  8 orcs
  3 bats
  7 endoplasms
  2 giant cockroaches (D:4)
  8 goblins
  5 hobgoblins
  5 jackals
  4 ball pythons
  3 frilled lizards
  2 kobolds
  6 rats
98 creatures vanquished.

Notes
Turn   | Place    | Note
-------+----------+-------------------------------------------
     0 | D:1      | MisterAzrael the Deep Elf Air Elementalist began the quest
                  | for the Orb.
     0 | D:1      | Reached XP level 1. HP: 10/10 MP: 6/6
   541 | D:1      | Reached XP level 2. HP: 15/15 MP: 5/8
   572 | D:1      | Learned a level 2 spell: Static Discharge
   901 | D:1      | Got the Vellum of Earth
   970 | D:2      | Found a faded altar of an unknown god.
  1134 | D:2      | Reached XP level 3. HP: 19/19 MP: 1/10
  1302 | D:2      | Reached XP level 4. HP: 1/24 MP: 5/11
  2020 | D:3      | Found Iwaufyec's Book Emporium.
  2267 | D:3      | Noticed Grinder
  2275 | D:3      | Killed Grinder
  2276 | D:3      | Reached skill level 5 in Spellcasting
  2276 | D:3      | Reached skill level 4 in Air Magic
  2276 | D:3      | Reached XP level 5. HP: 20/28 MP: 3/14
  2276 | D:3      | Reached XP level 6. HP: 23/32 MP: 3/16
  2760 | D:3      | You fall into a shaft and drop 3 floors!
  2776 | D:6      | Got the Guidebook on Conduction
  2781 | D:6      | Learned a level 3 spell: Swiftness
  2831 | D:6      | Noticed Dowan
  2832 | D:6      | Noticed Duvessa
  2890 | D:5      | Entered Level 5 of the Dungeon
  3780 | D:4      | Found a hide-covered altar of Uskayaw.
  3923 | D:4      | Noticed Sigmund
  4454 | D:5      | Reached XP level 7. HP: 26/36 MP: 19/19
  4486 | D:5      | Learned a level 7 spell: Storm Form
  4734 | D:5      | Reached skill level 1 in Transmutations
  4915 | D:5      | Reached skill level 5 in Air Magic
  5169 | D:5      | Found a staircase to the Ecumenical Temple.
  5184 | Temple   | Entered the Ecumenical Temple
  5362 | Temple   | Became a worshipper of Sif Muna the Loreminder
  5422 | D:5      | Reached XP level 8. HP: 39/41 MP: 20/20
  5631 | D:6      | Reached skill level 6 in Air Magic
  5744 | D:6      | Killed Duvessa
  5744 | D:6      | Killed Dowan
  5912 | D:6      | Reached skill level 5 in Transmutations
  6194 | D:6      | Reached skill level 7 in Air Magic
  6936 | D:7      | Slain by a wight

Illustrated notes

Levels and vault maps discovered:
D:1:      matt_arrival_refuge, layout_loops_cross, minmay_misc_feat_five,
          hangedman_abyss_or_decor_lesser_grid, minivault_24, minmay_cut_off
D:2:      layout_rooms, basic_ecumenical_altar, serial_park_tiny_1,
          item_on_display_b
D:3:      layout_rooms, serial_shops, nicolae_shop_stone, serial_corexii_hall,
          chequers_hall_statues_wall_a, corexii_hall_statues_l,
          corexii_hall_statues_x, chequers_hall_statues_corner_a,
          corexii_hall_statues_u, corexii_hall_statues_x, grunt_decor_clamped,
          kennysheep_small_spiral, uniq_grinder
D:4:      layout_gridville, kennysheep_mini, uniq_sigmund
D:5:      layout_cave_pools, minmay_temple_entry_statues_fountains,
          gup_sewer_entry_glass, serial_glass, glass_columns_a, glass_columns_b,
          glass_columns_b
D:6:      layout_cave_pools, minmay_door_square, uniq_duvessa
D:7:      layout_loops_ring
Temple:   mainiacjoe_temple_starburst

Skill      XL: |  1  2  3  4  5  6  7  8 |
---------------+-------------------------+-----
Stealth        | 3 4 |  4.1
Dodging        | 3 4 |  4.0
Conjurations   | 2 3 |  3.7
Spellcasting   | 5 6 |  6.8
Air Magic      | 4 5 7 |  7.4
Transmutations | 3 6 |  6.2

Action                   |  1- 3 |  4- 6 |  7- 9 || total
-------------------------+-------+-------+-------++-------
Melee: Unarmed           |     1 |     1 |     1 ||     3
 Cast: Shock             |    40 |    78 |    70 ||   188
       Static Discharge  |     2 |    12 |    27 ||    41
       Swiftness         |       |     4 |       ||     4
  Use: Scroll            |       |    12 |     1 ||    13
Armor: Robe              |     1 |     5 |     1 ||     7
Dodge: Dodged            |     7 |     9 |    31 ||    47

Table legend: (Time is in decaauts)
 A = Elapsed time spent in this place.
 B = Non-inter-level travel time spent in this place.
 C = Inter-level travel time spent in this place.
 D = Time resting spent in this place.
 E = Time spent auto-exploring this place.
 F = Levels seen in this place.
 G = Mean time per level.
                   A        B        C        D        E       F      G
               +--------+--------+--------+--------+--------+-----+--------+
         Total |   6920 |   6734 |    186 |   1248 |   4301 |   8 |  865.0 |
       Dungeon |   6686 |   6554 |    132 |   1248 |   4133 |   7 |  955.1 |
        Temple |    233 |    179 |     54 |      0 |    168 |   1 |  233.0 |
               +--------+--------+--------+--------+--------+-----+--------+

Top non-repeatable levels by time:
     D:3: 1211 daAuts
     D:6: 1150 daAuts
     D:5: 1104 daAuts
     D:1: 1079 daAuts
     D:4: 976 daAuts
     D:2: 802 daAuts
     D:7: 362 daAuts
  Temple: 233 daAuts
